 Dungeon Crawl Stone Soup version 0.25-a0-435-g4b9beb1 (webtiles) character file.

Game seed: 9234364375901721892, levelgen mode: deterministic

43 2tousent the Chopper (level 3, 23/31 HPs)
             Began as a Hill Orc Monk on Jan 27, 2020.
             Was a Believer of Elyvilon.
             Quit the game on level 2 of the Dungeon.
             The game lasted 00:02:46 (620 turns).

2tousent the Chopper (Hill Orc Monk)                 Turns: 620, Time: 00:02:47

Health: 23/31      AC:  5    Str: 14    XL:     3   Next: 58%
Magic:  3/3        EV: 11    Int: 10    God:    Elyvilon [**....]
Gold:   34         SH:  0    Dex: 13    Spells: 2/2 levels left

rFire    . . .     SeeInvis .   a - +0 hand axe
rCold    . . .     Gourm    .   (no shield)
rNeg     + . .     Faith    .   g - +0 ring mail
rPois    .         Spirit   .   (no helmet)
rElec    .         Reflect  .   (no cloak)
rCorr    .         Harm     .   (no gloves)
MR       .....                  (no boots)
Stlth    ..........             (no amulet)
HPRegen  0.10/turn              j - ring of attention (curse)
MPRegen  0.08/turn              i - ring of positive energy

@: no status effects
A: no striking features
a: Lesser Healing, Heal Other, Divine Protection, Renounce Religion


You were on level 2 of the Dungeon.
You worshipped Elyvilon.
Elyvilon was pleased with you.
You were not hungry.

You visited 1 branch of the dungeon, and saw 2 of its levels.

You collected 34 gold pieces.

Inventory:

Hand Weapons
 a - a +0 hand axe (weapon)
Missiles
 h - 2 boomerangs (quivered)
Armour
 b - a +0 robe
 g - a +0 ring mail (worn)
Jewellery
 i - a ring of positive energy (right hand)
 j - a cursed ring of attention (left hand)
 k - an uncursed ring of stealth
 o - an uncursed ring of wizardry {unknown}
Scrolls
 n - a scroll of identify {unknown}
Potions
 d - 2 potions of curing {unknown}
 e - a potion of lignification {unknown}
 f - a potion of resistance {unknown}
 l - a potion of might {unknown}
 p - a potion of heal wounds {unknown}
Comestibles
 c - a ration
 m - 5 chunks of flesh


   Skills:
 - Level 3.6 Fighting
 * Level 5.9 Axes
 - Level 2.4 Dodging
 - Level 1.5 Stealth
 + Level 0.2 Invocations


You had 2 spell levels left.
You didn't know any spells.
Your spell library was empty.

Dungeon Overview and Level Annotations

Branches:
Dungeon (2/15)

Altars:
Cheibriados
Elyvilon
Makhleb
Ru


Message History

The rat bites you.
You hit the rat but do no damage.
The rat is severely wounded.
The rat barely misses you.
You hit the rat.
You kill the rat!
No target in view!
No target in view!
No target in view!
No target in view!
No target in view!
No target in view!
No target in view!
Quiver which item? (- for none, * to show all) (? for menu, Esc to quit)
Okay, then.
Are you sure you want to abandon this character and quit the game? (Confirm with "yes".)
Okay, then.
Quiver which item? (- for none, * to show all) (? for menu, Esc to quit)
Okay, then.
Are you sure you want to abandon this character and quit the game? (Confirm with "yes".)

# ## #..?...# #.
#......# #. # # #......
#. #.#. ###....###### #.
#....#....<......## #.
###..#......##....# #.
...............#..#####.
#.@...###.#.<......
#.....##....#####..
###.###†.#......... #.#
#.###........
#.###..#..#######
#........## ##########


There were no monsters in sight!

Vanquished Creatures
  2 adders (D:2)
  4 bats
  2 giant cockroaches
  3 goblins
  2 hobgoblins
  6 kobolds (D:1)
  A quokka (D:2)
  2 frilled lizards
  3 rats
25 creatures vanquished.

Notes
Turn   | Place    | Note
-------+----------+-------------------------------------------
     0 | D:1      | 2tousent the Hill Orc Monk began the quest for the Orb.
     0 | D:1      | Reached XP level 1. HP: 19/19 MP: 1/1
   215 | D:1      | Reached XP level 2. HP: 26/26 MP: 2/2
   256 | D:1      | Reached skill level 5 in Axes
   489 | D:2      | Found a burning altar of Makhleb.
   490 | D:2      | Found a snail-covered altar of Cheibriados.
   493 | D:2      | Found a white marble altar of Elyvilon.
   493 | D:2      | Found a sacrificial altar of Ru.
   509 | D:2      | Reached XP level 3. HP: 24/31 MP: 3/3
   532 | D:2      | Became a worshipper of Elyvilon the Healer
   532 | D:2      | Reached * piety under Elyvilon
   532 | D:2      | Reached ** piety under Elyvilon
   620 | D:2      | Quit the game

Levels and vault maps discovered:
D:1:      dpeg_arrival_water_altar, layout_rooms
D:2:      layout_loops_ring, lemuel_round_altar,
          chequers_temple_overflow_statue_of_worship

Skill      XL: |  1  2 |
---------------+-------+-----
Axes           | 5 |  5.9
Fighting       | |  3.6
Dodging        | |  2.4
Stealth        | |  1.5
Invocations    | |  0.2

Action                   || total
-------------------------++-------
Melee: Hand axe          ||    84
Throw: Boomerang         ||    16
  Use: Scroll            ||     1
 Stab: Sleeping          ||     1
Armor: Ring mail         ||    31
Dodge: Dodged            ||    59

Table legend:
 A = Non-vault XP
 B = Vault XP
 C = Vault XP percentage of total XP
 D = Non-vault monster count
 E = Vault monster count
 F = Vault count percentage of total count
                 A         B        C        D         E       F
            +---------+---------+-------+---------+---------+-------
      Total |      62 |       0 |   0.0 |      25 |       0 |   0.0
            +---------+---------+-------+---------+---------+-------
        D:1 |      23 |       0 |   0.0 |      15 |       0 |   0.0
        D:2 |      39 |       0 |   0.0 |      10 |       0 |   0.0
            +---------+---------+-------+---------+---------+-------
